 Dungeon Crawl Stone Soup version 0.29-a0-885-gb26ba3297d (webtiles) character file.

Game seed: 16244364139250966206

77 jimonade the Sneak (level 4, -5/24 HPs)
             Began as a Vampire Enchanter on July 21, 2022.
             Slain by a gnoll
             ... wielding a +0 whip
              (6 damage)
             ... on level 3 of the Dungeon.
             The game lasted 00:05:23 (2724 turns).

jimonade the Sneak (Vampire Enchanter)              Turns: 2724, Time: 00:05:23

Health: -5/24      AC:  2    Str:  9    XL:     4   Next: 14%
Magic:  7/7        EV: 12    Int: 17    God:
Gold:   119        SH:  0    Dex: 14    Spells: 4/7 levels left

rFire   . . .      SeeInvis +   a - +1 dagger
rCold   + + .      Faith    .   (no shield)
rNeg    + + +      Spirit   .   b - +0 robe
rPois   ∞          Reflect  .   (no helmet)
rElec   .          Harm     .   (no cloak)
rCorr   .          Rampage  .   (no gloves)
Will    .....                   (no boots)
Stlth   +++++.....              (no amulet)
HPRegen 0.00/turn               (no ring)
MPRegen 0.10/turn               (no ring)

@: bloodless, inhibited regen
A: bloodless, fangs 3, see invisible, vampiric 2
a: Bat Form, Revivify


You were on level 3 of the Dungeon.
You visited 1 branch of the dungeon, and saw 3 of its levels.

You collected 119 gold pieces.

Inventory:

Hand Weapons
 a - a +1 dagger (weapon)
Armour
 b - a +0 robe (worn)
 e - a +0 ring mail
 p - a +0 chain mail
Wands
 k - a wand of mindburst (15)
Scrolls
 d - 7 scrolls of identify {unknown}
 h - a scroll of summoning {unknown}
 j - a scroll of silence {unknown}
 l - a scroll of brand weapon {unknown}
 n - a scroll of magic mapping {unknown}
 q - a scroll of teleportation {unknown}
Potions
 c - 2 potions of invisibility
 f - a potion of might {unknown}
 g - 4 potions of mutation {unknown}
 i - a potion of ambrosia {unknown}
 m - a potion of curing {unknown}
 o - a potion of flight {unknown}


   Skills:
 * Level 0.5 Fighting
 + Level 1.3 Short Blades
 + Level 2.2 Dodging
 * Level 7.0 Stealth
 * Level 2.2 Spellcasting
 * Level 4.6 Hexes


You had 4 spell levels left.
You knew the following spells:

 Your Spells              Type           Power      Damage    Failure   Level
a - Confusing Touch       Hex            17%        N/A       9%          3

Your spell library contained the following spells:

 Spells                   Type           Power      Damage    Failure   Level
 Tukima's Dance           Hex            17%        N/A       9%          3
 Ensorcelled Hibernation  Hex/Ice        18%        N/A       11%         2
 Beastly Appendage        Tmut           2%         N/A       19%         1
 Dazzling Flash           Conj/Hex       18%        N/A       22%         3
 Wereblood                Tmut           1%         N/A       28%         2
 Spider Form              Tmut/Pois      1%         N/A       50%         3


Dungeon Overview and Level Annotations

Branches:
Dungeon (3/15)

Altars:


Innate Abilities, Weirdness & Mutations

You do not regenerate when monsters are visible.
You are frail without blood (-20% HP).
You can heal yourself when you bite living creatures.
You are immune to poison.
You have razor-sharp teeth.
You have supernaturally acute eyesight. (SInv)
You are afflicted with vampirism and can become a bat while bloodless.


Message History

A gnoll comes into view. It is wielding a +0 spear.
The gnoll shouts!
A gnoll comes into view. It is wielding a +0 spear.
The gnoll moves out of view.
Search for what [Enter for "."]? .
A gnoll is nearby!
You hit the gnoll.
The gnoll is lightly wounded.
The gnoll hits you with a +0 whip.
You hit the gnoll but do no damage. Your bite misses the gnoll.
The gnoll is lightly wounded.
The gnoll barely misses you.
You hit the gnoll. You punch the gnoll.
The gnoll is heavily wounded.
The gnoll hits you with a +0 whip.
You barely miss the gnoll.
The gnoll is heavily wounded.
The gnoll barely misses you.
You hit the gnoll.
The gnoll is severely wounded.
The gnoll barely misses you.
You closely miss the gnoll.
The gnoll is severely wounded.
The gnoll hits you with a +0 whip.
You are too injured to fight recklessly!
You are too injured to fight recklessly!
You are too injured to fight recklessly!
You are too injured to fight recklessly!
You are too injured to fight recklessly!
You completely miss the gnoll.
The gnoll is severely wounded.
The gnoll hits you with a +0 whip.
You hit the gnoll but do no damage.
The gnoll is severely wounded.
The gnoll hits you with a +0 whip!
* * * LOW HITPOINT WARNING * * *
You hit the gnoll. You bite the gnoll, but do no damage.
The gnoll is severely wounded.
The gnoll hits you with a +0 whip.
You die...

####.####### #..####
#.#...# ##.####
#.#.#.# #.....
#.#.#.# #.....
#.#.#.# ###....
#.#.#.######...>..
#.#<#........##...
#g##############'#
#@........#....#.#
###.#####.......)#
#.## #...##.#..
######..## #......#..
#........###....#<...
##.######.##....###..
##....)##.#.........
##.##.###....#####.
##.###.##.........


You could see a gnoll.

Vanquished Creatures
  2 adders (D:3)
  3 dart slugs
  An orc (D:3)
  4 bats
  4 endoplasms
  11 goblins
  7 hobgoblins
  3 kobolds
  3 quokkas
  A ball python (D:1)
  2 frilled lizards
  8 rats
49 creatures vanquished.

Notes
Turn   | Place    | Note
-------+----------+-------------------------------------------
     0 | D:1      | jimonade the Vampire Enchanter began the quest for the Orb.
     0 | D:1      | Reached XP level 1. HP: 13/13 MP: 3/3
    78 | D:1      | Reached skill level 5 in Stealth
    98 | D:1      | Reached XP level 2. HP: 15/15 MP: 5/5
   176 | D:1      | Found a faded altar of an unknown god.
   684 | D:2      | Gained mutation: You are afflicted with vampirism and can
                  | become a bat while bloodless. [Vampire growth]
   684 | D:2      | Reached XP level 3. HP: 19/20 MP: 6/6
   984 | D:2      | Reached skill level 6 in Stealth
  1709 | D:2      | Learned a level 3 spell: Confusing Touch
  2217 | D:3      | Reached skill level 7 in Stealth
  2217 | D:3      | Reached XP level 4. HP: 11/24 MP: 7/7
  2723 | D:3      | HP: 1/24 [gnoll/+0 whip (7)]
  2724 | D:3      | Slain by a gnoll

Illustrated notes

Levels and vault maps discovered:
D:1:      psy_arrival_spokes, layout_loops_ring,
          hellmonk_ecumenical_altar_run_dry
D:2:      layout_basic
D:3:      layout_basic, minmay_cut_off

Skill      XL: |  1  2  3 |
---------------+----------+-----
Stealth        | 5 7 |  7.0
Fighting       | |  0.5
Short Blades   | |  1.3
Dodging        | |  2.2
Spellcasting   | |  2.2
Hexes          | |  4.6

Action                   |  1- 3 |  4- 6 || total
-------------------------+-------+-------++-------
Melee: Dagger            |   110 |    16 ||   126
       Bite              |     8 |     2 ||    10
       Punch             |     1 |     1 ||     2
 Cast: Confusing Touch   |     1 |       ||     1
 Abil: Exsanguinate      |     1 |       ||     1
 Stab: Sleeping          |    26 |     1 ||    27
       Distracted        |     1 |       ||     1
Armor: Robe              |     9 |     1 ||    10
Dodge: Dodged            |    48 |     5 ||    53

Table legend: (Time is in decaauts)
 A = Elapsed time spent in this place.
 B = Non-inter-level travel time spent in this place.
 C = Inter-level travel time spent in this place.
 D = Time resting spent in this place.
 E = Time spent auto-exploring this place.
 F = Levels seen in this place.
 G = Mean time per level.
                   A        B        C        D        E       F      G
               +--------+--------+--------+--------+--------+-----+--------+
         Total |   2715 |   2683 |     32 |      0 |   2244 |   3 |  905.0 |
       Dungeon |   2715 |   2683 |     32 |      0 |   2244 |   3 |  905.0 |
               +--------+--------+--------+--------+--------+-----+--------+

Top non-repeatable levels by time:
     D:2: 1096 daAuts
     D:3: 982 daAuts
     D:1: 636 daAuts
